AoeStats
← 月喵喵

Fortress

508207015Analyzed
4v4 RM · 10d ago on Sep 21, 2026· 44m 25s· 8 players
Game mode
Random Map
Map size
Huge
Population
200
Speed
Normal
Resources
Standard
Victory
Conquest
Starting age
Dark Age
Ending age
Imperial Age
RankedLock teamsTeams togetherTeam positionsShared explorationLock speedFull tech treeHidden civsTurbo modeCheats
Victory
Defeat
🇮🇳 Mongols · India
1147
+15
🇨🇳 Lithuanians · China
1077
+18
🇨🇳 Slavs · China
1037
+20
🇨🇳 Vikings · China
1037
+20
🇹🇼 Bohemians · Taiwan
1144
-19
🇦🇷 Turks · Argentina
1143
-19
🇩🇪 Wei · Germany
1116
-18
🇨🇳 Poles · China
1091
-17
Nomad
8:36 Feudal Age
12:13 Castle Age
10:05 Horse Collar
10:31 Double-Bit Axe
12:58 Wheelbarrow
19:16 Bow Saw
19:13 Heavy Plow
20:02 Gold Mining
20:05 Stone Mining
21:34 Gold Shaft Mining
21:54 Hand Cart
22:45 Loom
26:37 Imperial Age
25:53 Stone Shaft Mining
26:04 Forging
25:59 Scale Barding Armor
26:08 Tuntian
26:54 Bloodlines
26:45 Husbandry
27:51 Iron Casting
27:07 Fletching
27:17 Padded Archer Armor
27:42 Ballistics
28:22 Chemistry
28:24 Chain Barding Armor
29:04 Ming Guang Armor
28:59 Conscription
28:22 Heavy Hei Guang Cavalry
31:09 Bodkin Arrow
31:29 Leather Archer Armor
32:15 Blast Furnace
32:57 Bracer
33:28 Ring Archer Armor
32:41 Treadmill Crane
33:11 Thumb Ring
33:32 Parthian Tactics
33:36 Light Cavalry
41:30 Hussar
月喵喵
7:09 Feudal Age
8:20 Double-Bit Axe
8:46 Horse Collar
15:20 Castle Age
16:09 Heavy Plow
16:20 Bow Saw
17:46 Wheelbarrow
18:46 Szlachta Privileges
18:37 Loom
19:44 Hand Cart
19:27 Stone Mining
21:49 Gold Mining
22:19 Town Watch
23:51 Szlachta Privileges
24:22 Bloodlines
24:47 Husbandry
26:23 Forging
26:21 Scale Barding Armor
30:45 Imperial Age
29:54 Iron Casting
30:12 Chain Barding Armor
30:55 Cavalier
32:26 Stone Shaft Mining
34:09 Blast Furnace
34:12 Fortified Wall
33:58 Murder Holes
34:20 Masonry
33:54 Treadmill Crane
36:43 Crop Rotation
37:51 Conscription
Jesuseitor18
9:55 Feudal Age
11:53 Double-Bit Axe
11:52 Horse Collar
14:32 Castle Age
15:56 Wheelbarrow
20:17 Imperial Age
18:00 Heavy Plow
22:36 Ballistics
22:29 Town Watch
24:28 Loom
crazyeyee
7:23 Feudal Age
8:35 Loom
11:27 Castle Age
9:56 Double-Bit Axe
10:00 Horse Collar
12:55 Double-Bit Axe
13:36 Heavy Plow
14:22 Bow Saw
19:19 Wheelbarrow
20:42 Hand Cart
21:27 Fervor
26:06 Imperial Age
25:45 Chemistry
25:16 Scale Mail Armor
25:28 Forging
24:40 Pikeman
25:21 Squires
25:44 Town Watch
26:23 Houfnice
27:14 Halberdier
29:18 Two-Man Saw
29:22 Murder Holes
29:42 Masonry
32:50 Ballistics
33:35 Chain Mail Armor
manny
5:07 Loom
7:12 Feudal Age
11:15 Castle Age
9:16 Horse Collar
10:09 Double-Bit Axe
16:45 Loom
17:36 Wheelbarrow
21:00 Fletching
24:04 Bodkin Arrow
24:11 Padded Archer Armor
25:29 Bloodlines
25:19 Husbandry
30:09 Imperial Age
29:21 Thumb Ring
31:18 Ballistics
31:09 Masonry
31:06 Bracer
32:09 Leather Archer Armor
33:00 Chemistry
33:16 Parthian Tactics
34:26 Drill
34:27 Conscription
33:52 Capped Ram
34:43 Siege Ram
35:39 Elite Mangudai
36:50 Masonry
38:34 Siege Engineers
人在阵地在
8:25 Feudal Age
12:23 Castle Age
10:42 Double-Bit Axe
11:04 Horse Collar
11:23 Gold Mining
12:38 Bloodlines
12:47 Scale Barding Armor
13:57 Bow Saw
31:29 Imperial Age
29:11 Forging
29:51 Chain Barding Armor
30:37 Husbandry
31:14 Iron Casting
31:44 Heavy Plow
32:08 Caravan
31:32 Cavalier
33:26 Wheelbarrow
33:53 Plate Barding Armor
34:14 Crop Rotation
34:50 Two-Man Saw
33:41 Paladin
35:09 Hand Cart
36:16 Stone Mining
41:28 Conscription
bluestorm
8:27 Feudal Age
12:14 Castle Age
10:15 Double-Bit Axe
10:29 Horse Collar
12:46 Wheelbarrow
15:18 Bow Saw
15:42 Heavy Plow
15:49 Stone Mining
18:27 Gold Mining
20:19 Hand Cart
22:00 Gold Shaft Mining
25:30 Imperial Age
23:11 Detinets
23:13 Loom
23:13 Town Watch
24:00 Scale Barding Armor
24:05 Forging
25:12 Chain Barding Armor
25:06 Bloodlines
24:57 Husbandry
26:41 Iron Casting
25:44 Elite Boyar
27:09 Crop Rotation
27:37 Conscription
28:32 Plate Barding Armor
29:12 Two-Man Saw
29:59 Blast Furnace
29:26 Caravan
33:43 Fortified Wall
39:52 Fletching
40:07 Light Cavalry
43:23 Hussar
NickJiang
7:39 Feudal Age
9:17 Double-Bit Axe
9:27 Horse Collar
13:52 Castle Age
16:03 Loom
17:19 Bow Saw
17:11 Heavy Plow
21:41 Gold Mining
25:58 Imperial Age
23:46 Scale Mail Armor
25:02 Chain Mail Armor
24:48 Man-at-Arms
25:14 Gambesons
25:29 Squires
24:49 Pikeman
25:15 Arson
26:11 Forging
25:44 Long Swordsman
27:37 Gold Shaft Mining
26:43 Two-Handed Swordsman
28:05 Plate Mail Armor
27:41 Champion
29:22 Iron Casting
31:17 Blast Furnace
31:34 Two-Man Saw
32:15 Chieftains
32:37 Conscription
33:07 Caravan
34:38 Elite Berserk
36:02 Fletching
37:05 Bogsveigar
36:31 Crossbowman
36:34 Elite Skirmisher
37:18 Arbalester
38:23 Ballistics
39:03 Chemistry
38:17 Fortified Wall
38:26 Bodkin Arrow
39:19 Bracer
39:20 Padded Archer Armor
40:18 Hoardings
41:14 Leather Archer Armor
Connection lost

Rejoining the realm…

Still unreachable

The connection could not be restored.

Session expired

The server has moved on; the page needs a fresh start.